 Dungeon Crawl Stone Soup version 0.22-a0-247-gbddf880 (webtiles) character file.

1371 matakusis the Thaumaturge (level 8, -1/41 HPs)
             Began as a Deep Elf Summoner on Nov 27, 2017.
             Slain by a bullfrog (9 damage)
             ... on level 6 of the Dungeon on Feb 24, 2018.
             The game lasted 01:16:14 (8146 turns).

matakusis the Thaumaturge (Deep Elf Summoner)       Turns: 8146, Time: 01:16:14

Health: -1/41      AC:  3    Str:  5    XL:     8   Next: 38%
Magic:  8/23       EV: 13    Int: 25    God:
Gold:   393        SH:  0    Dex: 15    Spells: 15/25 levels left

rFire    + . .     SeeInvis .   p - +2 dagger (venom)
rCold    . . .     Gourm    .   (no shield)
rNeg     . . .     Faith    .   a - +1 robe
rPois    .         Spirit   .   (no helmet)
rElec    .         Reflect  .   (no cloak)
rCorr    .         Harm     .   (no gloves)
MR       .....                  (no boots)
Stlth    ++........             (no amulet)
HPRegen  0.00/turn              g - ring of protection from fire
MPRegen  0.18/turn              f - ring of wizardry

@: no status effects
A: blink, clever 1, inhibited regeneration, subdued magic 1
a: Blink


You were on level 6 of the Dungeon.
You were not hungry.

You visited 1 branch of the dungeon, and saw 7 of its levels.
You also visited: Sewer.

You collected 393 gold pieces.

Inventory:

Hand Weapons
 p - a +2 dagger of venom (weapon)
Missiles
 i - 233 stones (quivered)
 m - 20 poisoned needles
 n - 31 sling bullets
Armour
 a - a +1 robe (worn)
Jewellery
 f - a ring of wizardry (right hand)
 g - a ring of protection from fire (left hand)
 w - an uncursed ring of stealth {unknown}
 A - an uncursed ring of wizardry
 B - the ring "Tawami" {Str+4 Stlth-, unknown}
   (You took it off a centaur on level 5 of the Dungeon)

   [ring of loudness]

   It affects your strength (+4).
   It makes you less stealthy.
Wands
 z - a wand of enslavement (18)
Scrolls
 k - a scroll of noise
 o - 3 scrolls of teleportation
 q - a scroll of enchant weapon
 r - a scroll of fear {unknown}
 s - a scroll of magic mapping
 u - a scroll of remove curse
 v - a scroll of blinking
 x - 3 scrolls of identify
 y - a scroll of enchant armour
Potions
 b - 2 potions of resistance
 c - a potion of curing
 e - a potion of magic
 h - a potion of cancellation
 j - a potion of berserk rage
 l - a potion of lignification {unknown}
 t - a potion of agility {unknown}
Comestibles
 d - 11 rations


   Skills:
 - Level 2.5 Dodging
 - Level 2.4 Stealth
 + Level 9.4 Spellcasting
 + Level 2.1 Hexes
 * Level 9.3 Summonings
 - Level 0.1 Air Magic


You had 15 spell levels left.
You knew the following spells:

 Your Spells              Type           Power        Failure   Level  Hunger
a - Summon Small Mammal   Summ           ####         1%          1    None
b - Call Imp              Summ           #####...     1%          2    None
c - Summon Guardian Gole  Hex/Summ       ####....     1%          3    None
d - Summon Lightning Spi  Summ/Air       ####....     2%          4    #......


Dungeon Overview and Level Annotations

Branches:
Dungeon (7/15)
 Temple: D:4-7

Altars:
Elyvilon
Gozag
Ru
Uskayaw
Vehumet

Shops:
D:5 %

Annotations:
D:7 Sigmund


Innate Abilities, Weirdness & Mutations

You can translocate small distances at will.
Your mind is acute. (Int +2)
You do not regenerate when monsters are visible.
Your spells are a little easier to cast, but a little less powerful.


Message History

The orc priest dies!
The bolt of electricity hits the jelly.
The jelly dies!
You hear a croak.
Something barely misses your lightning spire.
Something hits your lightning spire but does no damage.
Casting: Call Imp (safe; 1% risk of failure)
Confirm with . or Enter, or press ? or * to list all spells.
A guardian golem appears, shielding your allies.
You swap places.
A jackal zombie comes into view.
The ogre hits your guardian golem with a giant club!
The jackal zombie moves out of view.
A bullfrog comes into view.
The orc shouts!
The ogre barely misses your guardian golem.
You blink.
You feel slightly more hungry.
The ogre hits your white imp with a giant club!
The bullfrog hits you!
You die...

#..g...g.....
............##.
##########.## .. ......#
..##### .........#
...#.. #........# #.#.#
#.#.....# #####...###
#.#.....## #......<..#
#........#
........@.###........#
........F....5oO.....#
..........#.8.#.....##
Z####.....o...##...##
........†<.#.###Oo######
########.###.###.#......
#.%##.)o8........
##..#..##.#.5....
#....###.###.###


You could see an ogre, a bullfrog, an orc priest, an orc, a friendly guardian
golem and a friendly white imp.

Vanquished Creatures
  A crimson imp (D:5)
  A goblin (D:1)
  A hobgoblin (D:3)
  A quokka (D:6)
  2 kobolds (D:1)
  2 rats (D:3)
8 creatures vanquished.

Vanquished Creatures (collateral kills)
  An ice beast (D:5)
  A necrophage (D:7)
  3 phantoms
  An orc warrior (D:6)
  2 ogres
  3 centaurs
  A crocodile (Sewer)
  A big kobold (D:7)
  2 bullfrogs
  4 scorpions
  2 howler monkeys (D:5)
  3 crimson imps
  4 hounds
  A bullfrog skeleton (D:5)
  4 orc priests
  A jelly (D:6)
  5 orc wizards
  A gnoll shaman (D:6)
  A centaur skeleton (D:6)
  3 worker ants
  An iguana (D:6)
  16 gnolls
  11 adders
  2 shadow imps
  3 worms
  2 dart slugs
  3 leopard geckos
  23 orcs
  3 ball pythons (D:3)
  6 giant cockroaches
  7 goblins
  8 hobgoblins
  2 jackals (D:2)
  A quokka (D:3)
  A ball python zombie (D:5)
  13 bats
  10 frilled lizards
  11 kobolds
  A quokka skeleton (D:4)
  10 rats
  A plant (D:5)
179 creatures vanquished.

Vanquished Creatures (others)
  An orc wizard (D:5)
1 creature vanquished.

Grand Total: 188 creatures vanquished

Notes
Turn   | Place    | Note
-------+----------+-------------------------------------------
     0 | D:1      | matakusis the Deep Elf Summoner began the quest for the Orb.
     0 | D:1      | Reached XP level 1. HP: 10/10 MP: 6/6
    30 | D:1      | Upgraded the game from 0.21-a0-507-ga8f6b7a to 0.22-a0-247-gbddf880
  1692 | D:1      | Reached XP level 2. HP: 15/15 MP: 1/8
  1792 | D:1      | Learned a level 2 spell: Call Imp
  2089 | D:1      | Reached skill level 5 in Summonings
  2647 | D:2      | Reached XP level 3. HP: 19/19 MP: 2/10
  2659 | D:2      | Learned a level 3 spell: Summon Guardian Golem
  3614 | D:2      | Reached XP level 4. HP: 24/24 MP: 6/12
  3630 | D:2      | Learned a level 4 spell: Summon Lightning Spire
  3819 | D:3      | Found a glowing drain.
  3886 | Sewer    | Entered a sewer
  3941 | Sewer    | Noticed a crocodile
  3952 | Sewer    | Killed a crocodile
  4121 | D:3      | Reached XP level 5. HP: 24/28 MP: 11/14
  4214 | D:3      | Noticed an ogre
  4227 | D:3      | Killed an ogre
  4227 | D:3      | Reached skill level 5 in Spellcasting
  4338 | D:3      | Found a hide-covered altar of Uskayaw.
  4341 | D:3      | Noticed a dagger
  4342 | D:3      | Noticed a hand axe
  4732 | D:4      | Found a white marble altar of Elyvilon.
  4904 | D:4      | Noticed an ogre
  4911 | D:4      | Found a sacrificial altar of Ru.
  4990 | D:4      | Reached XP level 6. HP: 32/32 MP: 2/16
  5194 | D:4      | Gained mutation: Your spells are a little easier to cast, but a little less powerful. [potion of mutation]
  5194 | D:4      | Gained mutation: Your mind is acute. (Int +2) [potion of mutation]
  5194 | D:4      | Gained mutation: You do not regenerate when monsters are visible. [potion of mutation]
  5194 | D:4      | Gained mutation: You can translocate small distances at will. [potion of mutation]
  5654 | D:5      | Entered Level 5 of the Dungeon
  5664 | D:5      | Noticed an ice beast
  5674 | D:5      | Killed an ice beast
  5765 | D:5      | Found an opulent altar of Gozag.
  5819 | D:5      | Reached XP level 7. HP: 36/36 MP: 12/19
  5859 | D:5      | Found a radiant altar of Vehumet.
  6128 | D:5      | Found Wyxto's Food Boutique.
  6400 | D:5      | You fall through a shaft for 2 floors!
  7024 | D:6      | Noticed Sigmund
  7044 | D:7      | Reached skill level 1 in Hexes
  7215 | D:7      | Reached XP level 8. HP: 41/41 MP: 13/22
  7584 | D:5      | Got a clouded golden ring
  8146 | D:6      | Slain by a bullfrog

Vault maps used:
D:1:      onia_arrival_mini_maze_b
D:2:      serial_forest, infiniplex_forest_straight_2,
          infiniplex_forest_lined_corner, infiniplex_forest_join,
          infiniplex_forest_straight_2, infiniplex_forest_straight_3,
          infiniplex_forest_side_room, infiniplex_forest_lined_3,
          infiniplex_forest_clump_curved, minmay_misc_feat_roman,
          minmay_lizard_king
D:3:      dancing_weapons_uskayaw, portal_sewer_entry_b
D:4:      old_standard_altar, nicolae_ru_path_of_blood, first_ration
D:5:      wad_pebble_path, nicolae_overflow_crystal_walls, vehumet_crystals,
          serial_shops, shop, guppyfry_early_lair_pool
D:6:      kennysheep_six_static_rooms, yredelemnul_altar_generic, uniq_sigmund
D:7:      nemelex_xobeh_ov_fountains_minmay, minmay_temple_entry_fiery,
          trog_hazing_becter
Sewer:    sewer_big_baddie

Skill      XL: |  1  2  3  4  5  6  7  8 |
---------------+-------------------------+-----
Summonings     | 5 6 7 8 9 |  9.3
Spellcasting   | 4 5 7 8 9 |  9.4
Hexes          | 1 2 |  2.1
Dodging        | |  2.5
Stealth        | |  2.4
Air Magic      | |  0.1

Action                   |  1- 3 |  4- 6 |  7- 9 || total
-------------------------+-------+-------+-------++-------
Melee: Hand axe          |     5 |       |       ||     5
       Dagger            |     4 |     9 |    11 ||    24
Throw: Stone             |       |     1 |     1 ||     2
 Cast: Summon Small Mamm |    38 |       |       ||    38
       Call Imp          |    37 |    50 |    49 ||   136
       Summon Guardian G |     2 |     5 |     8 ||    15
       Summon Lightning  |       |    17 |    33 ||    50
 Abil: Blink             |       |     1 |     3 ||     4
  Use: Scroll            |     7 |     6 |     5 ||    18
       Potion            |       |     1 |     1 ||     2
 Stab: Sleeping          |       |     1 |       ||     1
  Eat: Ration            |     2 |     1 |     2 ||     5
       Chunk             |     2 |     8 |     2 ||    12
Armor: Robe              |    10 |     5 |       ||    15
Dodge: Dodged            |    19 |     7 |    22 ||    48

Table legend:
 A = Spawn XP
 B = Non-spawn XP
 C = Spawn XP percentage of total XP
 D = Spawn monster count
 E = Non-spawn monster count
 F = Spawn count percentage of total count
 G = Total turns spent on level
                    A         B        C        D         E        F      G
               +---------+---------+-------+---------+---------+-------+---------
         Total |       0 |    1959 |   0.0 |       0 |     187 |   0.0 |  8146
               +---------+---------+-------+---------+---------+-------+---------
           D:1 |       0 |      37 |   0.0 |       0 |      28 |   0.0 |  2593
           D:2 |       0 |      66 |   0.0 |       0 |      25 |   0.0 |  1197
           D:3 |       0 |     143 |   0.0 |       0 |      32 |   0.0 |   639
           D:4 |       0 |     237 |   0.0 |       0 |      17 |   0.0 |  1101
           D:5 |       0 |     544 |   0.0 |       0 |      26 |   0.0 |  1516
           D:6 |       0 |     412 |   0.0 |       0 |      26 |   0.0 |   120
           D:7 |       0 |     459 |   0.0 |       0 |      27 |   0.0 |   856
         Sewer |       0 |      61 |   0.0 |       0 |       6 |   0.0 |   124
               +---------+---------+-------+---------+---------+-------+---------
